 Dungeon Crawl Stone Soup version 0.30-a0-457-g4b7bca3bfa (webtiles) character file.

Game seed: 2428616007923150155

4838 pokeman the Thaumaturge (level 10, -12/56 HPs)
             Began as a Deep Elf Hedge Wizard on Dec 12, 2022.
             Was a Believer of Vehumet.
             Mangled by an orc warlord
             ... wielding a +4 battleaxe
              (32 damage)
             ... in a bailey.
             The game lasted 00:25:43 (8600 turns).

pokeman the Thaumaturge (Deep Elf Hedge Wizard)     Turns: 8600, Time: 00:25:44

Health: -12/56     AC:  9    Str:  7    XL:     10   Next: 25%
Magic:  31/38      EV: 12    Int: 24    God:    Vehumet [**....]
Gold:   434        SH:  0    Dex: 14    Spells: 21/35 levels left

rFire   . . .      SeeInvis +    H - staff of conjuration
rCold   . . .      Faith    .    (no shield)
rNeg    . . .      Spirit   .    J - +2 leather armour {rPois}
rPois   +          Reflect  .    n - +0 helmet
rElec   .          Harm     .    j - +0 cloak
rCorr   .          Rampage  .    (no gloves)
Will    +....                    s - +1 pair of boots
Stlth   ++........               F - amulet of regeneration
HPRegen 1.09/turn                B - ring of magical power
MPRegen 0.26/turn                r - ring of see invisible

@: no status effects
A: no striking features
a: Renounce Religion


You were in a bailey.
You worshipped Vehumet.
Vehumet was pleased with you.
You visited 2 branches of the dungeon, and saw 9 of its levels.
You also visited: Ossuary and Bailey.

You collected 434 gold pieces.

Inventory:

Hand Weapons
 t - a +2 dagger of venom
Missiles
 c - 2 throwing nets
 C - 2 curare-tipped darts
Armour
 j - a +0 cloak (worn)
 n - a +0 helmet (worn)
 s - a +1 pair of boots (worn)
 z - a scarf of invisibility
 J - a +2 leather armour of poison resistance (worn)
Magical Staves
 H - a staff of conjuration (weapon)
Jewellery
 g - a ring of protection from fire
 r - a ring of see invisible (right hand)
 y - a ring of resist corrosion
 A - a +4 ring of evasion
 B - a ring of magical power (left hand)
 F - an amulet of regeneration (around neck)
Wands
 w - a wand of digging (3)
 D - a wand of mindburst (10)
 E - a wand of flame (11)
Scrolls
 a - 2 scrolls of enchant weapon {unknown}
 b - 2 scrolls of poison {unknown}
 f - 6 scrolls of blinking {unknown}
 h - 10 scrolls of identify {unknown}
 i - 5 scrolls of teleportation {unknown}
 l - 2 scrolls of immolation {unknown}
 m - a scroll of silence {unknown}
 v - 2 scrolls of brand weapon {unknown}
 G - 3 scrolls of fear {unknown}
 I - a scroll of amnesia {unknown}
 K - 2 scrolls of fog {unknown}
 L - 2 scrolls of magic mapping {unknown}
 Q - a scroll of summoning {unknown}
Potions
 d - 2 potions of magic
 e - 9 potions of curing
 k - 2 potions of lignification {unknown}
 o - 2 potions of berserk rage {unknown}
 p - 3 potions of attraction {unknown}
 q - a potion of ambrosia {unknown}
 u - 2 potions of degeneration {unknown}
 x - 3 potions of brilliance {unknown}
 M - a potion of flight {unknown}
 N - a potion of mutation {unknown}
 O - 2 potions of haste {unknown}
 P - a potion of might {unknown}
 S - a potion of experience
Miscellaneous
 R - a piece from Xom's chessboard (15/15)


   Skills:
 + Level 4.0 Fighting
 - Level 3.0 Armour
 - Level 4.0 Dodging
 - Level 3.0 Stealth
 * Level 13.1 Spellcasting
 + Level 7.3 Conjurations
 - Level 1.1 Summonings
 - Level 1.1 Translocations
 + Level 6.4 Fire Magic
 - Level 1.3 Air Magic
 - Level 1.3 Poison Magic
 - Level 1.0 Evocations


You had 21 spell levels left.
You knew the following spells:

 Your Spells              Type           Power      Damage    Failure   Level
a - Magic Dart            Conj           100%       1d8       1%          1
b - Mephitic Cloud        Conj/Pois/Air  47%        N/A       4%          3
c - Call Imp              Summ           21%        N/A       5%          2
d - Blink                 Tloc           42%        N/A       5%          2
e - Foxfire               Conj/Fire      100%       2x1d9     1%          1
f - Fireball              Conj/Fire      32%        3d14      9%          5

Your spell library contained the following spells:

 Spells                   Type           Power      Damage    Failure   Level
 Scorch                   Fire           92%        2d10      1%          2
 Momentum Strike          Conj/Tloc      100%       3d10      1%          2
 Static Discharge         Conj/Air       100%       2-7/arc   1%          2
 Apportation              Tloc           42%        N/A       3%          1
 Summon Small Mammal      Summ           84%        N/A       3%          1
 Necrotise                Necr           60%        1d7       5%          1
 Slow                     Hex            60%        N/A       5%          1
 Cigotuvi's Dreadful Rot  Necr/Pois/Air  38%        N/A       6%          2
 Vhi's Electric Charge    Tloc/Air       42%        N/A       10%         3
 Gell's Gravitas          Tloc           21%        N/A       11%         3
 Lesser Beckoning         Tloc           42%        N/A       11%         3
 Teleport Other           Tloc           21%        N/A       11%         3
 Confusing Touch          Hex            15%        N/A       17%         3
 Vampiric Draining        Necr           15%        2d7       17%         3
 Arcjolt                  Conj/Air       26%        1d36      26%         5
 Lightning Bolt           Conj/Air       26%        1d42      26%         5
 Manifold Assault         Tloc           21%        N/A       34%         4
 Starburst                Conj/Fire      32%        6d10      45%         6
 Alistair's Intoxication  Tmut/Pois      12%        N/A       75%         5
 Borgnjor's Vile Clutch   Necr/Erth      7%         N/A       83%         5
 Dispersal                Tloc           10%        N/A       99%         6
 Eringya's Noxious Bog    Tmut/Pois      9%         N/A       100%        6
 Storm Form               Tmut/Air       9%         N/A       100%        7
 Maxwell's Capacitive Co  Air            11%        ∞         100%        8


Dungeon Overview and Level Annotations

Branches:
Dungeon (8/15)             Temple (1/1) D:6            Lair (0/5) D:8
Ossuary (visited)          Bailey (1/1)

Altars:
Ashenzari
Cheibriados
Dithmenos
Elyvilon
Fedhas
Gozag
Hepliaklqana
Kikubaaqudgha
Makhleb
Nemelex Xobeh
Okawaru
Qazlal
Ru
Sif Muna
Trog
Uskayaw
Vehumet
Wu Jian
Xom
Yredelemnul
Zin
The Shining One

Annotations:
D:8 Maggie


Message History

The stinking cloud engulfs the orc warlord but does no damage.
Unknown command.
Unknown command.
Aiming: Mindburst
Press: ? - help, Shift-Dir - straight line, f - orc warlord
Aim: an orc warlord, wielding a +4 battleaxe and wearing a +0 chain mail (confused, chance to affect: 34%)
The orc warlord's mind is blasted!!
Unknown command.
The orc warlord seems less confused.
The orc warlord is engulfed in noxious fumes.
The orc warlord hits you with a +4 battleaxe!!
Casting: Mephitic Cloud (dangerous; 4% risk of failure)
Confirm with . or Enter, or press ? or * to list all spells.
Aiming: Mephitic Cloud (dangerous; 4% risk of failure)
Press: ? - help, Shift-Dir - straight line, f/p - orc warlord
Aim: an orc warlord, wielding a +4 battleaxe and wearing a +0 chain mail (lightly wounded, chance to affect: 29%)
You feel a surge of power!
The ball explodes into a vile cloud!
The stinking cloud engulfs the orc warlord but does no damage.
The orc warlord is lightly wounded.
The stinking cloud engulfs you but does no damage.
The orc warlord is engulfed in noxious fumes.
The orc warlord hits you with a +4 battleaxe!
Unknown command.
Unknown command.
The orc warlord is engulfed in noxious fumes.
Aiming: Mindburst
Press: ? - help, Shift-Dir - straight line, f/p - orc warlord
Aim: an orc warlord, wielding a +4 battleaxe and wearing a +0 chain mail (noxious fumes, lightly wounded, chance to affect: 34%)
The orc warlord easily resists.
The orc warlord is engulfed in noxious fumes.
The orc warlord hits you with a +4 battleaxe!
Unknown command.
Aiming: Mindburst
Press: ? - help, Shift-Dir - straight line, f/p - orc warlord
Aim: an orc warlord, wielding a +4 battleaxe and wearing a +0 chain mail (noxious fumes, lightly wounded, chance to affect: 34%)
The orc warlord's mind is blasted!
The orc warlord is engulfed in noxious fumes.
The orc warlord hits you with a +4 battleaxe!!
Ouch! That really hurt!
You die...

♣...##...(.#~......~
♣....##.(..#~.......
♣♣.....#....##8.8...8
♣......'.....#.......
♣∩.∩...'.....#....∩..
♣......).....#.......
♣♣☼○...#....##8.8...8
♣°...##....#~.......
♣°o@##...).#~}.....~
♣≈≈##...(..##~~~#~~~
♣≈≈#......).########
♣≈≈#..8..8.().(..)(.
♣≈≈#..........#)~~~~
♣≈≈##.........#~~~~~
♣≈≈≈##...8...##~~~~~
♣♣≈≈ ##.....##......
##...##.......


You could see an orc warlord.

Vanquished Creatures
  The ghost of lotum the Chopper, a novice FoFi (D:5)
  2 hornets (D:8)
  A troll (D:8)
  A shadow (D:8)
  A wyvern (D:8)
  2 water moccasins
  An ice beast (D:5)
  5 black bears
  4 orc warriors (Bailey)
  7 ogres
  A centaur (D:5)
  3 phantoms
  A kobold brigand (D:6)
  4 bullfrogs
  3 water moccasin zombies (Ossuary)
  A necrophage (D:7)
  3 scorpions
  3 wights (D:6)
  2 hounds (D:6)
  2 jellies
  A gnoll bouda (D:5)
  3 iguanas
  2 mummies (Ossuary)
  Robin (D:4)
  6 gnolls
  7 adders
  A shadow imp (D:6)
  2 white imps (D:7)
  7 adder zombies (Ossuary)
  2 worms
  3 dart slugs
  18 orcs
  7 ball pythons
  2 bats (D:2)
  6 endoplasms
  2 giant cockroaches
  4 gnoll zombies (Ossuary)
  27 goblins
  14 hobgoblins
  8 jackals
  4 quokkas
  3 frilled lizards
  4 hobgoblin zombies (Ossuary)
  24 kobolds
  5 kobold zombies (Ossuary)
  8 orc zombies (Ossuary)
  5 rats
224 creatures vanquished.

Vanquished Creatures (collateral kills)
  A goblin (D:4)
1 creature vanquished.

Vanquished Creatures (others)
  2 demonic plants (D:2)
  603 foxfires
  18 fungi
  7 plants (D:2)
  A withered plant (D:2)
631 creatures vanquished.

Grand Total: 856 creatures vanquished

Notes
Turn   | Place    | Note
-------+----------+-------------------------------------------
     0 | D:1      | pokeman the Deep Elf Hedge Wizard began the quest for the
                  | Orb.
     0 | D:1      | Reached XP level 1. HP: 10/10 MP: 7/7
   346 | D:1      | Reached XP level 2. HP: 15/15 MP: 0/9
  1029 | D:1      | Reached skill level 5 in Spellcasting
  1486 | D:2      | Reached XP level 3. HP: 20/20 MP: 4/11
  1490 | D:2      | Learned a level 3 spell: Mephitic Cloud
  1493 | D:2      | Learned a level 2 spell: Call Imp
  1496 | D:2      | Learned a level 2 spell: Blink
  1851 | D:2      | Reached skill level 1 in Armour
  1959 | D:2      | Found a faded altar of an unknown god.
  1980 | D:2      | Reached skill level 1 in Fighting
  2177 | D:2      | Learned a level 1 spell: Foxfire
  2514 | D:2      | Reached XP level 4. HP: 25/25 MP: 9/13
  3442 | D:4      | Found a hide-covered altar of Uskayaw.
  3471 | D:4      | Noticed Robin
  3493 | D:4      | Killed Robin
  3507 | D:4      | Reached skill level 6 in Spellcasting
  3530 | D:4      | Reached XP level 5. HP: 5/29 MP: 0/15
  3780 | D:4      | Found a glowing silver altar of Zin.
  3780 | D:4      | Found a white marble altar of Elyvilon.
  3780 | D:4      | Found a glowing golden altar of the Shining One.
  3781 | D:4      | Noticed an ogre
  3793 | D:4      | Killed an ogre
  3794 | D:4      | Reached skill level 1 in Poison Magic
  4012 | D:4      | Noticed a phantom
  4024 | D:4      | Killed a phantom
  4025 | D:4      | Reached XP level 6. HP: 29/34 MP: 6/17
  4221 | D:5      | Entered Level 5 of the Dungeon
  4241 | D:5      | Noticed a water moccasin
  4247 | D:5      | Killed a water moccasin
  4248 | D:5      | Reached skill level 7 in Spellcasting
  4248 | D:5      | Reached skill level 1 in Air Magic
  4254 | D:5      | Learned a level 5 spell: Fireball
  4405 | D:5      | Noticed an ice beast
  4417 | D:5      | Killed an ice beast
  4418 | D:5      | Reached skill level 1 in Fire Magic
  4418 | D:5      | Reached XP level 7. HP: 11/38 MP: 13/20
  4658 | D:5      | Found a runed translucent door.
  4669 | D:5      | Reached skill level 8 in Spellcasting
  4692 | D:5      | Noticed lotum's ghost (novice FoFi)
  4714 | D:5      | Found a runed translucent door.
  5060 | D:5      | Reached XP level 8. HP: 44/44 MP: 17/22
  5184 | D:5      | Reached skill level 9 in Spellcasting
  5337 | D:5      | Reached skill level 5 in Conjurations
  5616 | D:5      | Killed lotum's ghost
  5617 | D:5      | Reached skill level 10 in Spellcasting
  5899 | D:6      | Reached XP level 9. HP: 48/48 MP: 20/25
  6064 | D:6      | Reached skill level 11 in Spellcasting
  6423 | D:6      | Reached skill level 5 in Fire Magic
  6446 | D:6      | Found a staircase to the Ecumenical Temple.
  6455 | Temple   | Entered the Ecumenical Temple
  6491 | Temple   | Became a worshipper of Vehumet
  7019 | D:7      | Found a shadowy altar of Dithmenos.
  7038 | D:7      | Found an ornate altar of the Wu Jian Council.
  7049 | D:7      | Found a burning altar of Makhleb.
  7090 | D:7      | Reached skill level 1 in Evocations
  7150 | D:7      | Found a shimmering blue altar of Sif Muna.
  7164 | D:7      | Reached skill level 12 in Spellcasting
  7298 | D:7      | Found a shimmering altar of Xom.
  7404 | D:8      | Found a staircase to the Lair.
  7445 | D:8      | Noticed a troll
  7456 | D:8      | Killed a troll
  7565 | D:8      | Found a sand-covered staircase.
  7572 | Ossuary  | Entered an ossuary
  7604 | Ossuary  | Reached XP level 10. HP: 56/56 MP: 28/28
  7666 | Ossuary  | Reached * piety under Vehumet
  7666 | Ossuary  | Offered knowledge of Sandblast by Vehumet.
  7783 | D:8      | Noticed Maggie
  7858 | D:8      | Found a flagged portal.
  7878 | Bailey   | Entered a bailey
  7976 | Bailey   | Noticed an orc warlord
  8014 | Bailey   | Offered knowledge of Scorch by Vehumet.
  8019 | Bailey   | Reached ** piety under Vehumet
  8065 | Bailey   | Reached skill level 13 in Spellcasting
  8181 | Bailey   | Found a runed translucent gate.
  8182 | Bailey   | Found a runed translucent gate.
  8183 | Bailey   | Found a runed translucent gate.
  8600 | Bailey   | Mangled by an orc warlord

Illustrated notes

Levels and vault maps discovered:
D:1:      zaba_arrival_water, layout_basic, hex_medium,
          chequers_serial_rivers_small_a
D:2:      layout_loops_corners, shapermc_ecumenical_altar_gd,
          corexii_corridor_pit, minmay_split_cup_large
D:3:      layout_rooms
D:4:      layout_cave_pools, good_gods_mini_temple, nicolae_uskayaw_suspiria,
          dreamdust_mushroom_princess, minmay_surrounded, uniq_robin
D:5:      layout_loops_ring, ebering_ghost_sewer_f, minmay_crossroads
D:6:      layout_gridville, minmay_temple_entry_junction, minivault_10,
          st_stairs_11
D:7:      layout_basic, mainiacjoe_overflow_chevrons,
          nicolae_overflow_quartered_altars
D:8:      layout_rooms, lair_entry_dummy, enter_bailey_3, enter_ossuary_3,
          serial_bayou_pond_e, reono_crystal_passage, uniq_maggie
Temple:   nicolae_temple_ecumenical_triangle
Bailey:   bailey_axe_bossmonster_kennysheep, bailey

Skill      XL: |  1  2  3  4  5  6  7  8  9 10 |
---------------+-------------------------------+-----
Spellcasting   | 5 6 7 8 10 12 13 | 13.1
Armour         | 1 2 3 |  3.0
Fighting       | 1 2 3 4 |  4.0
Conjurations   | 2 3 4 5 7 |  7.3
Stealth        | 3 |  3.0
Dodging        | 3 4 |  4.0
Poison Magic   | 1 |  1.3
Air Magic      | 1 |  1.3
Fire Magic     | 1 2 4 5 6 |  6.4
Evocations     | 1 |  1.0
Summonings     | |  1.1
Translocations | |  1.1

Action                   |  1- 3 |  4- 6 |  7- 9 | 10-12 || total
-------------------------+-------+-------+-------+-------++-------
Melee: Short sword       |    10 |    66 |       |       ||    76
       Punch             |       |     1 |     1 |       ||     2
       Dagger            |       |    25 |    22 |     4 ||    51
       Staff             |       |       |    13 |    42 ||    55
 Cast: Magic Dart        |   100 |    55 |     7 |     1 ||   163
       Foxfire           |     5 |    18 |   208 |   108 ||   339
       Mephitic Cloud    |       |     6 |     7 |    11 ||    24
       Call Imp          |       |     3 |       |     2 ||     5
       Blink             |       |       |     1 |     2 ||     3
       Fireball          |       |       |       |     2 ||     2
Evoke: Wand              |       |       |       |     5 ||     5
 Stab: Confused          |       |     2 |     4 |     3 ||     9
       Sleeping          |       |     2 |       |       ||     2
Armor: Robe              |     4 |       |       |       ||     4
       Leather armour    |     3 |    33 |    10 |    22 ||    68
Dodge: Dodged            |    16 |    83 |    21 |    43 ||   163

Table legend: (Time is in decaauts)
 A = Elapsed time spent in this place.
 B = Non-inter-level travel time spent in this place.
 C = Inter-level travel time spent in this place.
 D = Time resting spent in this place.
 E = Time spent auto-exploring this place.
 F = Levels seen in this place.
 G = Mean time per level.
                   A        B        C        D        E       F      G
               +--------+--------+--------+--------+--------+-----+--------+
         Total |   8635 |   8401 |    234 |    194 |   6336 |  11 |  785.0 |
       Dungeon |   7657 |   7435 |    222 |    115 |   6053 |   8 |  957.1 |
        Temple |     49 |     37 |     12 |      0 |     18 |   1 |   49.0 |
       Ossuary |    198 |    198 |      0 |      0 |      0 |   1 |  198.0 |
        Bailey |    730 |    730 |      0 |     79 |    264 |   1 |  730.0 |
               +--------+--------+--------+--------+--------+-----+--------+

Top non-repeatable levels by time:
     D:5: 1529 daAuts
     D:2: 1485 daAuts
     D:1: 1294 daAuts
     D:6: 1051 daAuts
     D:4: 857 daAuts
  Bailey: 730 daAuts
     D:3: 594 daAuts
     D:7: 558 daAuts
     D:8: 286 daAuts
 Ossuary: 198 daAuts
  Temple: 49 daAuts
